 Dungeon Crawl Stone Soup version 0.30-a0-368-g86fb4627a9 (webtiles) character file.

Game seed: 6879326412331648694

11056 holysushi the Slicer (level 11, -2/53 HPs)
             Began as a Vine Stalker Necromancer on Nov 19, 2022.
             Was an Initiate of Gozag.
             Slain by a gnoll
             ... wielding a +0 halberd
             ... led by a gnoll sergeant
              (10 damage)
             ... on level 11 of the Dungeon.
             The game lasted 00:24:24 (9827 turns).

holysushi the Slicer (Vine Stalker Necromancer)     Turns: 9827, Time: 00:24:24

Health: -2/53      AC: -4    Str: 15    XL:     11   Next: 71%
Magic:  0/24       EV: 23    Int: 14    God:    Gozag
Gold:   751        SH:  0    Dex: 35    Spells: 10/14 levels left

rFire   . . .      SeeInvis +    x - +6 rapier (chaos)
rCold   . . .      Faith    .    (no shield)
rNeg    . . .      Spirit   +    z - +2 robe
rPois   .          Reflect  .    G - +0 hat of the Gastropod {Will- Str+4 Int-5 Dex+10}
rElec   .          Harm     .    (no cloak)
rCorr   .          Rampage  .    (no gloves)
Will    .....                    (no boots)
Stlth   +++++.....               F - amulet of Wiareg {Regen+ MP+9 Int+4}
HPRegen 1.88/turn                j - ring of see invisible
MPRegen 0.19/turn                B - +6 ring of dexterity

@: about to teleport, corroded, gold aura
A: fangs 3, regeneration 1, magic shield, antimagic bite, no potion heal 2
a: Renounce Religion, Potion Petition, Call Merchant, Bribe Branch


You were on level 11 of the Dungeon.
You worshipped Gozag.
Gozag was pleased with you.
You visited 1 branch of the dungeon, and saw 11 of its levels.

You collected 2124 gold pieces.
You spent 1330 gold pieces at shops.
You paid 43 gold pieces to Gozag.

Inventory:

Hand Weapons
 d - a +1 dagger
 p - the +2 dagger of Dithmenos, Mashing {drain, rPois}
   (You found it on level 2 of the Dungeon)

   A truly terrible weapon, it drains the life of any living foe it strikes.
   rPois:     It protects you from poison.
 x - a +6 rapier of chaos (weapon)
Armour
 a - a +1 robe of positive energy
 z - a +2 robe (worn)
 G - the +0 hat of the Gastropod (worn) {Will- Str+4 Int-5 Dex+10}
   (You acquired it on level 11 of the Dungeon)

   Str:       It affects your strength (+4).
   Int:       It affects your intelligence (-5).
   Dex:       It affects your dexterity (+10).
   Will:      It decreases your willpower.
Jewellery
 j - a ring of see invisible (left hand)
 l - a +4 ring of protection
 B - a +6 ring of dexterity (right hand)
 F - the amulet of Wiareg (around neck) {Regen+ MP+9 Int+4}
   (You bought it in a shop on level 4 of the Dungeon)

   [amulet of regeneration]

   Int:       It affects your intelligence (+4).
   MP:        It affects your magic capacity (+9).
   Regen:     It increases your rate of health regeneration.
Wands
 o - a wand of acid (7)
 w - a wand of mindburst (9)
 y - a wand of iceblast (6)
 D - a wand of digging (5)
 H - a wand of polymorph (2)
Scrolls
 e - 4 scrolls of immolation
 m - 2 scrolls of fear
 n - 2 scrolls of amnesia
 r - a scroll of teleportation
 s - a scroll of silence
 t - 5 scrolls of enchant armour
 A - 6 scrolls of identify
 C - a scroll of fog
 I - a scroll of vulnerability
Potions
 b - 5 potions of magic
 c - 2 potions of might
 f - 4 potions of flight
 g - a potion of attraction
 h - 5 potions of lignification
 i - a potion of mutation
 k - 6 potions of curing
 q - 3 potions of haste
 u - 3 potions of ambrosia
 v - 2 potions of brilliance
 E - a potion of berserk rage


   Skills:
 - Level 4.0 Fighting
 * Level 12.2 Short Blades
 + Level 8.7 Dodging
 - Level 7.2 Stealth
 - Level 2.1 Spellcasting
 - Level 4.0 Necromancy
 - Level 2.0 Evocations


You had 10 spell levels left.
You knew the following spells:

 Your Spells              Type           Power      Damage    Failure   Level
a - Necrotise             Necr           48%        1d6       4%          1
b - Vampiric Draining     Necr           12%        2d6       14%         3

Your spell library contained the following spells:

 Spells                   Type           Power      Damage    Failure   Level
 Apportation              Tloc           2%         N/A       24%         1
 Beastly Appendage        Tmut           2%         N/A       24%         1
 Summon Small Mammal      Summ           4%         N/A       24%         1
 Blink                    Tloc           2%         N/A       34%         2
 Momentum Strike          Conj/Tloc      2%         3d8       34%         2
 Wereblood                Tmut           1%         N/A       34%         2
 Lesser Beckoning         Tloc           2%         N/A       56%         3
 Spider Form              Tmut/Pois      1%         N/A       56%         3
 Agony                    Necr           12%        N/A       77%         5
 Animate Armour           Summ/Erth      2%         N/A       93%         4
 Leda's Liquefaction      Hex/Erth       0%         N/A       93%         4
 Manifold Assault         Tloc           1%         N/A       93%         4
 Alistair's Intoxication  Tmut/Pois      0%         N/A       100%        5
 Blade Hands              Tmut           0%         N/A       100%        5
 Freezing Cloud           Conj/Ice/Air   0%         6-21      100%        5
 Lee's Rapid Deconstruct  Erth           0%         3d4*      100%        5
 Iron Shot                Conj/Erth      0%         9d1       100%        6
 Statue Form              Tmut/Erth      0%         N/A       100%        6
 Storm Form               Tmut/Air       0%         N/A       100%        7
 Polar Vortex             Ice            0%         N/A       100%        9
 Animate Dead             Necr           Unusable   N/A       N/A         4
 Simulacrum               Ice/Necr       Unusable   N/A       N/A         6

Dungeon Overview and Level Annotations

Branches:
Dungeon (11/15) Zot: 26474  Temple (0/1) D:6            Lair (0/5) D:10
    Orc: D:9-12

Altars:
Elyvilon
Gozag
Hepliaklqana
Qazlal
Ru
Trog

Shops:
D:1 =   D:4 =[**   D:5 :?**   D:7 (   D:10 ?*(

Portals:
Trove: D:10 (show abyssal rune of Zot)

Annotations:
D:10 exclusion: downstairs


Innate Abilities, Weirdness & Mutations

You have razor-sharp teeth.
Your natural rate of healing is unusually fast.
When hurt, damage is shared between your health and your magic reserves.
Your bite disrupts and absorbs the magic of your enemies.
Potions cannot restore your health.


Message History

The acid dragon is almost dead.
The killer bee closely misses you.
You hit the acid dragon. You freeze the acid dragon.
Your bite misses the acid dragon.
The acid dragon is almost dead.
The killer bee barely misses you. The acid dragon spits acid at you.
The splash of acid hits you!! The acid corrodes you!
You hit the acid dragon.
The acid dragon is almost dead.
The killer bee completely misses you.
You puncture the acid dragon! You burn the acid dragon.
You kill the acid dragon!
The killer bee closely misses you. The killer bee stings you!
* * * LOW HITPOINT WARNING * * *
The killer bee is distracted by your dazzling golden aura.
The killer bee buzzes angrily.
The killer bee attacks as you move away!
The killer bee misses you.
The killer bee is no longer distracted by gold.
The killer bee closely misses you. The killer bee stings you!
* * * LOW HITPOINT WARNING * * *
You see here 32 gold pieces.
As you read the scroll of fear, it crumbles to dust.
You assume a fearsome visage.
The killer bee looks frightened! x2
The gnoll looks frightened!
The killer bee is distracted by your dazzling golden aura.
As you read the scroll of teleportation, it crumbles to dust.
You feel strangely unstable.
The killer bee is no longer distracted by gold.
The killer bee buzzes angrily.
You hit the centaur.
The centaur seems to speed up.
The centaur is moderately wounded.
The centaur hits you.
* * * LOW HITPOINT WARNING * * *
The centaur completely misses you.
The killer bee is distracted by your dazzling golden aura.
The gnoll hits you from afar with a +0 halberd!
You die...
Your body crumbles into a pile of gold.

+.................
#...........##....
#...........# ####
######..g##########
....##..o##!......#
......g.k##y!.....#
.......o.##†..y...#
....##.<.##!..†.$$# ...
....##...##.g.$c@!#.).....###
.
######..(#####g####.....#....
# #.....# #$$+##.....#.D#. Y
##...## ##.y##........ .###.
##### #.DKg.......# #...#
##.cg......#.###.#.#
#....Ko....#).##...#
#..[.....$..yy......
#...........y$y.#...


You could see a centaur (fast), 2 killer bees and 2 gnolls.

Vanquished Creatures
  A boulder beetle (D:11)
  3 two-headed ogres
  Pikel (D:5)
  An ugly thing (D:11)
  A gargoyle (D:11)
  2 trolls
  A queen bee (D:11)
  2 hornets
  2 wraiths
  Sigmund (D:3)
  3 vampires
  A steam dragon (D:7)
  2 vampire mosquitoes (D:11)
  A warg (D:7)
  2 acid dragons
  2 water moccasins
  7 orc warriors
  A black bear (D:5)
  4 sky beasts
  4 ogres
  A centaur (D:8)
  3 lemures (D:5)
  2 kobold brigands
  A phantom (D:5)
  2 scorpions (D:7)
  2 bullfrogs
  2 gnoll sergeants
  A necrophage (D:7)
  7 wights
  26 killer bees
  A howler monkey (D:8)
  3 hounds
  A jelly (D:7)
  6 orc priests
  3 gnoll boudas
  11 orc wizards
  Ijyb (D:5)
  2 iguanas
  13 gnolls
  10 adders
  3 shadow imps
  3 white imps
  2 ufetubi
  A worm (D:3)
  4 dart slugs
  34 orcs
  11 endoplasms
  3 giant cockroaches
  3 hobgoblins
  2 jackals (D:1)
  19 kobolds
  2 quokkas (D:1)
  10 ball pythons
  8 bats
  2 frilled lizards
  9 goblins
  7 rats
263 creatures vanquished.

Vanquished Creatures (others)
  9 fungi (D:6)
9 creatures vanquished.

Grand Total: 272 creatures vanquished

Notes
Turn   | Place    | Note
-------+----------+-------------------------------------------
     0 | D:1      | holysushi the Vine Stalker Necromancer began the quest for
                  | the Orb.
     0 | D:1      | Reached XP level 1. HP: 9/9 MP: 4/4
    96 | D:1      | Reached XP level 2. HP: 13/13 MP: 0/6
   506 | D:1      | Found Eheycrim's Jewellery Boutique.
   527 | D:1      | Reached XP level 3. HP: 16/16 MP: 7/7
  1157 | D:2      | Gained mutation: Your natural rate of healing is unusually
                  | fast. [Vine Stalker growth]
  1157 | D:2      | Reached XP level 4. HP: 16/21 MP: 4/8
  1238 | D:2      | Identified the +2 dagger of Dithmenos, Mashing {drain,
                  | rPois}
  1244 | D:2      | Identified the +0 chain mail "Maeqeob" {rElec rC- rN+}
  1641 | D:3      | Learned a level 3 spell: Vampiric Draining
  1648 | D:3      | Found an opulent altar of Gozag.
  1665 | D:3      | Became a worshipper of Gozag Ym Sagoz the Greedy
  1670 | D:3      | Found a sacrificial altar of Ru.
  1782 | D:3      | Noticed Sigmund
  1798 | D:3      | Killed Sigmund
  1799 | D:3      | Reached skill level 5 in Dodging
  1799 | D:3      | Reached XP level 5. HP: 12/24 MP: 2/9
  1799 | D:3      | Reached XP level 6. HP: 14/28 MP: 2/10
  2089 | D:3      | Reached skill level 1 in Fighting
  2089 | D:3      | Reached skill level 1 in Short Blades
  2525 | D:4      | Reached XP level 7. HP: 34/34 MP: 11/11
  2546 | D:4      | Reached skill level 2 in Short Blades
  2662 | D:4      | Reached skill level 3 in Short Blades
  2701 | D:4      | Found Wumuulosoh's Armour Shoppe.
  2703 | D:4      | Found Upuar's Jewellery Boutique.
  2703 | D:4      | Found Larous's Assorted Antiques.
  2705 | D:4      | Found Pazawy's General Store.
  2756 | D:4      | Bought a runed rapier for 126 gold pieces
  2758 | D:4      | Bought a scroll of brand weapon for 133 gold pieces
  2758 | D:4      | Bought a scroll of identify for 28 gold pieces
  2821 | D:4      | Reached skill level 4 in Short Blades
  2934 | D:4      | Gained mutation: You have razor-sharp teeth. [Vine Stalker
                  | growth]
  2934 | D:4      | Reached XP level 8. HP: 39/39 MP: 12/12
  3137 | D:5      | Entered Level 5 of the Dungeon
  3207 | D:5      | Found Woilyrak's General Store.
  3216 | D:5      | Found Gyzotet's Magic Scroll Shoppe.
  3216 | D:5      | Found Evuits's Book Shoppe.
  3246 | D:5      | Found Achusyu's Assorted Antiques.
  3259 | D:5      | Bought a scroll of noise for 14 gold pieces
  3265 | D:5      | Bought a scroll of identify for 28 gold pieces
  3265 | D:5      | Bought a scroll of identify for 28 gold pieces
  3265 | D:5      | Bought 2 scrolls of identify for 56 gold pieces
  3392 | D:5      | Reached skill level 5 in Short Blades
  3690 | D:5      | Noticed Ijyb
  3697 | D:5      | Killed Ijyb
  3854 | D:6      | Noticed Pikel
  3893 | D:5      | Killed Pikel
  3894 | D:5      | Reached skill level 6 in Short Blades
  3894 | D:5      | Reached skill level 1 in Evocations
  3894 | D:5      | Reached XP level 9. HP: 17/44 MP: 7/13
  3965 | D:6      | Found a staircase to the Ecumenical Temple.
  4252 | D:6      | Reached skill level 5 in Stealth
  4809 | D:7      | Found Mifirau's Weapon Boutique.
  4827 | D:7      | Noticed a two-headed ogre
  4904 | D:7      | Reached skill level 7 in Short Blades
  5141 | D:7      | Found a stormy altar of Qazlal.
  5235 | D:7      | Reached skill level 8 in Short Blades
  5235 | D:7      | Noticed a hornet
  5245 | D:7      | Killed a hornet
  5663 | D:7      | Killed a two-headed ogre
  5664 | D:7      | Reached skill level 9 in Short Blades
  5664 | D:7      | Reached XP level 10. HP: 49/49 MP: 14/14
  6254 | D:7      | Found a bloodstained altar of Trog.
  7010 | D:4      | Bought the amulet of Wiareg {Regen+ MP+9 Int+4} for 835
                  | gold pieces
  7125 | D:8      | Noticed an orc knight
  7354 | D:8      | Noticed a kobold demonologist
  7355 | D:8      | Noticed a cyclops
  7355 | D:8      | Noticed a manticore
  7750 | D:9      | Reached skill level 10 in Short Blades
  8238 | D:10     | Entered Level 10 of the Dungeon
  8280 | D:10     | Found a portal to a secret trove of treasure.
  8290 | D:10     | Noticed a two-headed ogre
  8307 | D:10     | Killed a two-headed ogre
  8308 | D:10     | Reached XP level 11. HP: 41/53 MP: 15/15
  8397 | D:10     | Found Haocuyps's Antique Weapon Shop.
  8401 | D:10     | Found Hopegar's General Store.
  8411 | D:10     | Reached skill level 11 in Short Blades
  8496 | D:10     | Found a hazy altar of Hepliaklqana.
  8498 | D:10     | Found a white marble altar of Elyvilon.
  8607 | D:10     | Found a staircase to the Lair.
  8629 | D:10     | Noticed a two-headed ogre
  8639 | D:10     | Killed a two-headed ogre
  9075 | D:10     | Found Othruer's Magic Scroll Shoppe.
  9086 | D:10     | Bought a scroll of enchant weapon for 82 gold pieces
  9517 | D:11     | Noticed a fire crab
  9597 | D:11     | a fire crab changed into a death drake
  9597 | D:11     | Noticed a death drake (shapeshifter)
  9680 | D:11     | Identified a scroll of acquirement
  9681 | D:11     | Acquired the +0 hat of the Gastropod {Will- Str+4 Int-5
                  | Dex+10}
  9720 | D:11     | Noticed a deep elf pyromancer
  9725 | D:11     | Noticed a white ugly thing
  9740 | D:11     | Killed a white ugly thing
  9784 | D:11     | Noticed a boulder beetle
  9801 | D:11     | Killed a boulder beetle
  9802 | D:11     | Reached skill level 12 in Short Blades
  9827 | D:11     | Slain by a gnoll

Illustrated notes

Levels and vault maps discovered:
D:1:      minmay_arrival_cross, layout_rooms, serial_shops,
          nicolae_shop_waterfront, nrook_mini_vaults, minmay_pentomino_o4
D:2:      layout_basic, minmay_randomly_rotated_circles
D:3:      layout_loops_ring, mainiacjoe_overflow_catch_the_wave, uniq_sigmund
D:4:      layout_rooms, nicolae_wooded_promenade, kennysheep_cluttered_room
D:5:      layout_basic, serial_glass, glass_columns_a, glass_columns_b,
          glass_columns_a, glass_columns_a, glass_columns_a, glass_columns_a,
          minmay_shop_grid_forest, uniq_ijyb
D:6:      layout_basic, minmay_temple_entry_crystal_x, serial_aquarium,
          aquarium_bridge_straight [aquarium_subvault_bridge,
          aquarium_subvault_window, aquarium_subvault_bridge,
          aquarium_subvault_window], aquarium_window_1, aquarium_window_1,
          aquarium_window_2, aquarium_view_2b, aquarium_pool_double,
          kennysheep_flooded_box, palyth_stone_intersect, uniq_pikel
D:7:      layout_layer_cave, marbit_many_paths, overflow_temple_1_default,
          serial_shops, shop, kennysheep_nub, patterned_corridor
D:8:      layout_basic, minmay_the_grid_2x2 [minmay_the_grid_armoury,
          minmay_the_grid_spikes, minmay_the_grid_square_x,
          minmay_the_grid_prize_inner_circle]
D:9:      layout_cave_pools
D:10:     layout_layer_cave, nicolae_overflow_hidden_temple, lair_entry_dummy,
          nicolae_trove_entry_free_sample, serial_shops, shop,
          nicolae_shop_hallway_stairs, nicolae_shop_hallway_plus
D:11:     minmay_clustersquares, layout_gridville, special_room
          [special_room_bee], minmay_starry_boxes

Skill      XL: |  1  2  3  4  5  6  7  8  9 10 11 |
---------------+----------------------------------+-----
Dodging        | 2 3 5 6 7 8 |  8.7
Fighting       | 1 2 3 4 |  4.0
Short Blades   | 1 4 6 9 10 12 | 12.2
Stealth        | 4 6 7 |  7.2
Evocations     | 1 2 |  2.0
Spellcasting   | |  2.1
Necromancy     | |  4.0

Action                   |  1- 3 |  4- 6 |  7- 9 | 10-12 || total
-------------------------+-------+-------+-------+-------++-------
Melee: Dagger            |    58 |   122 |    65 |       ||   245
       Bite              |    12 |    20 |    96 |   132 ||   260
       Punch             |     2 |     2 |     6 |     5 ||    15
       Rapier            |       |       |   206 |   374 ||   580
 Cast: Necrotise         |    25 |    16 |       |       ||    41
       Vampiric Draining |       |       |     4 |       ||     4
Evoke: Wand              |       |       |     7 |    14 ||    21
  Use: Scroll            |     8 |       |    16 |    13 ||    37
       Potion            |       |       |       |     1 ||     1
 Stab: Distracted        |     1 |     1 |     3 |     3 ||     8
       Sleeping          |     5 |     3 |     6 |     6 ||    20
Armor: Robe              |    22 |    30 |    70 |    60 ||   182
Dodge: Dodged            |    49 |   111 |   204 |   329 ||   693

Table legend: (Time is in decaauts)
 A = Elapsed time spent in this place.
 B = Non-inter-level travel time spent in this place.
 C = Inter-level travel time spent in this place.
 D = Time resting spent in this place.
 E = Time spent auto-exploring this place.
 F = Levels seen in this place.
 G = Mean time per level.
                   A        B        C        D        E       F      G
               +--------+--------+--------+--------+--------+-----+--------+
         Total |   9669 |   9013 |    656 |    501 |   5679 |  11 |  879.0 |
       Dungeon |   9669 |   9013 |    656 |    501 |   5679 |  11 |  879.0 |
               +--------+--------+--------+--------+--------+-----+--------+

Top non-repeatable levels by time:
     D:7: 1815 daAuts
    D:10: 1135 daAuts
     D:6: 890 daAuts
     D:4: 828 daAuts
     D:5: 820 daAuts
     D:2: 815 daAuts
     D:3: 813 daAuts
     D:1: 751 daAuts
     D:8: 740 daAuts
     D:9: 690 daAuts
    D:11: 369 daAuts
